 Dungeon Crawl Stone Soup version 0.17-a0-1798-g879a7aa (webtiles) character file.

2625 luca467 the Martial Artist (level 9, 0/71 HPs)
             Began as a Demonspawn Monk on Sept 10, 2015.
             Slain by Psyche
             ... wielding a +4 dagger of chaos
              (1 damage)
             ... on level 8 of the Dungeon.
             The game lasted 00:30:47 (6286 turns).

luca467 the Martial Artist (Demonspawn Monk)        Turns: 6286, Time: 00:30:49

Health: 0/71       AC:  6    Str: 13      XL:     9   Next: 34%
Magic:  9/9        EV: 17    Int:  5 (8)  God:
Gold:   308        SH:  0    Dex: 18      Spells: 0 memorised, 8 levels left

rFire  . . .     SeeInvis .       - Unarmed
rCold  . . .     Clarity  .     a - +0 robe
rNeg   . . .     SustAt   .     (no shield)
rPois  +         Gourm    .     (no helmet)
rElec  .         Spirit   .     (no cloak)
rCorr  .         Warding  .     (no gloves)
rMut   .         Stasis   .     x - +0 pair of boots
MR     .....                    E - amulet of inaccuracy (curse)
Stlth  ++........               j - ring of poison resistance
                                D - -3 ring of intelligence (curse)

@: not resistant to hostile enchantments, unstealthy
A: claws 2, yellow scales 2, powered by death 1, rot immunity
a: no special abilities


You were on level 8 of the Dungeon.
You were not hungry.

You visited 2 branches of the dungeon, and saw 9 of its levels.

You collected 416 gold pieces.
You spent 108 gold pieces at shops.

Inventory:

Armour
 a - a +0 robe (worn)
 s - a +0 robe
 u - a +0 robe
 x - a +0 pair of boots (worn)
Jewellery
 g - a cursed ring of loudness
 j - a ring of poison resistance (right claw)
 q - an uncursed ring of magical power
 A - an uncursed amulet of faith
 C - an uncursed amulet of resist mutation
 D - a cursed -3 ring of intelligence (left claw)
 E - a cursed amulet of inaccuracy (around neck)
Magical devices
 B - a wand of enslavement (9)
 F - a wand of lightning (8)
 G - a wand of teleportation (6)
Scrolls
 e - 2 scrolls of fog
 n - 3 scrolls of noise
 t - 3 scrolls of teleportation
 v - a scroll of fear
 y - a scroll of amnesia
 I - 2 scrolls of identify
 J - a scroll of enchant weapon
Potions
 h - 2 potions of flight
 i - a potion of magic {unknown}
 k - 2 potions of poison {unknown}
 m - 2 potions of curing
 o - 2 potions of brilliance {unknown}
 z - 2 potions of mutation {unknown}
 H - a potion of haste {unknown}
Books
 p - a book of Burglary

   Spells                             Type                      Level
   a - Swiftness                      Charms/Air                   2
   b - Passwall                       Transmutation/Earth          3
   c - Passage of Golubria            Translocation                4
   d - Lee's Rapid Deconstruction     Earth                        5
   e - Darkness                       Hexes                        6
   f - Invisibility                   Hexes                        6
 w - a book of Annihilations

   Spells                             Type                      Level
   a - Poison Arrow                   Conjuration/Poison           6
   b - Chain Lightning                Conjuration/Air              8
   c - Lehudib's Crystal Spear        Conjuration/Earth            8
   d - Glaciate                       Conjuration/Ice              9
   e - Fire Storm                     Conjuration/Fire             9
Comestibles
 b - 11 bread rations
 c - a beef jerky
 f - 8 fruits
 l - a slice of pizza
 r - 5 meat rations


   Skills:
 + Level 6.9 Fighting
 + Level 6.5 Dodging
 - Level 1.7 Stealth
 * Level 9.2 Unarmed Combat


You had 8 spell levels left.
You didn't know any spells.

Dungeon Overview and Level Annotations

Branches:
Dungeon (8/15)             Temple (1/1) D:5
   Lair: D:8-11

Altars:
Ashenzari
Cheibriados
Dithmenos
Elyvilon
Makhleb
Nemelex Xobeh
Okawaru
Ru
Sif Muna
Trog
Xom
Zin
The Shining One

Shops:
D:5 *

Annotations:
D:8 2 runed doors, Psyche


Innate Abilities, Weirdness & Mutations

You have very sharp fingernails.
You are mostly covered in yellow scales (AC +3).
You regenerate a little health from kills.
You are immune to rotting.


Message History

It was a potion of degeneration.
There was something very wrong with that liquid.
You feel dopey. Psyche casts a spell at you. The magic dart hits you!
The hound bites you but does no damage. Something hits you but does no damage.
Psyche closely misses you.
Drink which item? (? for menu, Esc to quit)
It was a potion of curing.
You feel better. The hound completely misses you.
Psyche points at you and mumbles some strange words.
The puff of frost hits you!
* * * LOW HITPOINT WARNING * * *
You hear some strange, mumbled words.
A puff of flame appears from out of thin air!
The puff of flame hits you!
* * * LOW HITPOINT WARNING * * *
The phantom hits you!
* * * LOW HITPOINT WARNING * * *
Psyche hits you with a dagger of chaos.
* * * LOW HITPOINT WARNING * * *
You die...

#..#......
#.#.......
#.)#.###..#
#...###### #..#.#
..# #ยง.##
#....####+####..#
##.# .......#..+
#.. ....?..#..+
.......#..#
......{#..##
......@@W..#
......h###+#
......# ####.. #.
#. #


You could see Psyche, a phantom and a hound.

Vanquished Creatures
  Grinder (D:4)
  Prince Ribbit (D:5)
  A spriggan (D:7)
  A hippogriff (D:7)
  A hungry ghost (D:7)
  Edmund (D:6)
  An orc warrior (D:8)
  Duvessa (D:6)
  3 ogres
  A centaur (D:5)
  Dowan (D:6)
  2 scorpions
  A water moccasin skeleton (D:6)
  3 wights (D:7)
  4 crimson imps
  2 jellies
  3 orc priests
  2 orc wizards
  Crazy Yiuf (D:6)
  A centaur skeleton (D:4)
  Natasha (D:3)
  3 iguanas
  2 worker ants (D:4)
  3 hound skeletons
  8 gnolls
  6 adders
  2 oozes
  4 worms
  7 giant geckos
  24 orcs
  2 ball pythons
  12 bats
  3 giant cockroaches
  5 hobgoblins
  3 quokkas
  A giant gecko zombie (D:5)
  8 giant newts
  7 goblins
  2 kobolds
  11 rats
  2 butterflies (D:5)
  2 fungi (D:6)
150 creatures vanquished.

Notes
Turn   | Place    | Note
--------------------------------------------------------------
     0 | D:1      | luca467 the Demonspawn Monk began the quest for the Orb.
     0 | D:1      | Reached XP level 1. HP: 18/18 MP: 1/1
   390 | D:1      | Gained mutation: You have sharp fingernails. [demonic ancestry]
   390 | D:1      | Reached XP level 2. HP: 24/24 MP: 2/2
   657 | D:1      | Reached skill level 4 in Unarmed Combat
   966 | D:2      | Gained mutation: You regenerate a little health from kills. [demonic ancestry]
   966 | D:2      | Reached XP level 3. HP: 29/29 MP: 3/3
  1757 | D:3      | Noticed Natasha
  1965 | D:3      | Gained mutation: You have very sharp fingernails. [demonic ancestry]
  1965 | D:3      | Reached XP level 4. HP: 35/35 MP: 4/4
  2256 | D:3      | Gained mutation: You are partially covered in yellow scales (AC +2). [demonic ancestry]
  2256 | D:3      | Reached XP level 5. HP: 42/42 MP: 5/5
  2277 | D:3      | Reached skill level 5 in Unarmed Combat
  2341 | D:3      | Killed Natasha
  2520 | D:4      | Noticed an ogre
  2525 | D:4      | Killed an ogre
  2525 | D:4      | Gained mutation: You are mostly covered in yellow scales (AC +3). [demonic ancestry]
  2525 | D:4      | Reached XP level 6. HP: 48/48 MP: 6/6
  2592 | D:4      | Noticed Grinder
  2597 | D:4      | Paralysed by Grinder for 2 turns
  2610 | D:4      | Killed Grinder
  2610 | D:4      | Reached skill level 6 in Unarmed Combat
  2803 | D:4      | Found a deep blue altar of Sif Muna.
  2838 | D:4      | Reached XP level 7. HP: 55/55 MP: 7/7
  3247 | D:4      | Noticed an ogre
  3602 | D:4      | Killed an ogre
  3602 | D:4      | Reached skill level 5 in Fighting
  3750 | D:5      | Entered Level 5 of the Dungeon
  3823 | D:5      | Found a shattered altar of Ashenzari.
  3832 | D:5      | Found Qak Xuett's Assorted Antiques.
  3839 | D:5      | Bought a scroll of identify for 54 gold pieces
  3839 | D:5      | Bought a scroll of identify for 54 gold pieces
  3869 | D:5      | Noticed Prince Ribbit
  3883 | D:5      | Killed Prince Ribbit
  3883 | D:5      | Reached skill level 5 in Dodging
  3883 | D:5      | Reached skill level 7 in Unarmed Combat
  3883 | D:5      | Reached XP level 8. HP: 43/63 MP: 8/8
  3984 | D:5      | Found a glowing silver altar of Zin.
  3984 | D:5      | Noticed an angel
  4138 | D:5      | Found a staircase to the Ecumenical Temple.
  4155 | Temple   | Entered the Ecumenical Temple
  4661 | D:5      | Found a burning altar of Makhleb.
  4797 | D:6      | Noticed Duvessa
  4799 | D:6      | Noticed Dowan
  4806 | D:6      | Killed Duvessa
  4816 | D:6      | Killed Dowan
  4959 | D:6      | Reached skill level 8 in Unarmed Combat
  5015 | D:6      | Noticed Edmund
  5026 | D:6      | Killed Edmund
  5248 | D:6      | Noticed Crazy Yiuf
  5265 | D:6      | Killed Crazy Yiuf
  5543 | D:7      | Found a sparkling altar of Nemelex Xobeh.
  5587 | D:7      | Gained mutation: You are immune to rotting. [demonic ancestry]
  5587 | D:7      | Reached XP level 9. HP: 37/71 MP: 9/9
  5759 | D:7      | Reached skill level 9 in Unarmed Combat
  5921 | D:7      | Found a white marble altar of Elyvilon.
  6236 | D:8      | Found a shimmering altar of Xom.
  6251 | D:8      | Found a large runed door.
  6251 | D:8      | Found a large runed door.
  6265 | D:8      | Noticed Psyche
  6286 | D:8      | HP: 3/71 [phantom (7)]
  6286 | D:8      | HP: 1/71 [Psyche/dagger of chaos (2)]
  6286 | D:8      | Slain by Psyche

Vault maps used:
D:1:      dpeg_arrival_subterranean_lakeside_camping
D:2:      wad_river_or_something
D:3:      uniq_natasha
D:4:      kennysheep_mini_moat, first_bread, minmay_unequal, uniq_grinder
D:5:      lightli_temple_of_fire, kennysheep_little_box, zin_angel,
          minmay_temple_entry_butterflies, serial_shops, shop,
          uniq_prince_ribbit1
D:6:      kennysheep_generic_room_10, uniq_duvessa, uniq_crazy_yiuf_cottage,
          uniq_edmund
D:7:      basic_altar, the_bakery, nemelex_diamond_rough_becter
D:8:      grunt_temple_overflow_open, minmay_hollow_rounded_squares, uniq_psyche
Temple:   jpeg_temple_alley_garden_8

Action                   |  1- 3 |  4- 6 |  7- 9 || total
-------------------------+-------+-------+-------++-------
Melee: Unarmed           |   114 |    93 |   383 ||   590
  Use: Scroll            |     5 |     3 |     8 ||    16
       Potion            |       |       |     2 ||     2
 Stab: Sleeping          |     9 |     3 |     6 ||    18
       Distracted        |     2 |       |       ||     2
  Eat: Chunk             |     3 |     2 |    11 ||    16
       Royal jelly       |       |       |     1 ||     1
